AoeStats
← skeezerrr

Oasis

508954673Analyzed
3v3 RM · 9d ago on Sep 24, 2026· 28m 8s· 6 players
Game mode
Random Map
Map size
Normal (6 player)
Population
200
Speed
Normal
Resources
Standard
Victory
Conquest
Starting age
Dark Age
Ending age
Imperial Age
RankedLock teamsTeams togetherTeam positionsShared explorationLock speedFull tech treeHidden civsTurbo modeCheats
Victory
Defeat
🇩🇪 Varangians · Germany
1267
+15
🇩🇪 Saxons · Germany
1220
+17
🇩🇪 Teutons · Germany
1113
+21
1285
-20
🇬🇧 Franks · United Kingdom
1218
-17
🇬🇧 Vietnamese · United Kingdom
1196
-16
el pollo loco
6:24 Loom
9:13 Feudal Age
10:15 Man-at-Arms
12:07 Double-Bit Axe
14:59 Fletching
16:29 Wheelbarrow
21:10 Castle Age
19:34 Padded Archer Armor
19:41 Gold Mining
21:38 Crossbowman
22:19 Bodkin Arrow
23:13 Squires
24:39 Leather Archer Armor
28:20 Ballistics
RNGsus
8:01 Loom
11:08 Feudal Age
12:28 Double-Bit Axe
14:56 Castle Age
13:36 Scale Barding Armor
14:22 Bloodlines
18:29 Husbandry
22:29 Forging
26:47 Chain Barding Armor
FischKingXXL
8:44 Loom
11:36 Feudal Age
18:12 Castle Age
17:12 Bloodlines
16:54 Double-Bit Axe
18:15 Scale Barding Armor
18:28 Stone Mining
skeezerrr
7:53 Loom
10:53 Feudal Age
16:40 Double-Bit Axe
21:10 Forging
21:37 Fletching
28:43 Castle Age
KiFQiT - Joseph Vissarionovitch
6:37 Loom
9:01 Feudal Age
10:21 Double-Bit Axe
12:56 Fletching
13:06 Padded Archer Armor
14:55 Horse Collar
19:02 Wheelbarrow
22:44 Castle Age
22:47 Crossbowman
23:50 Thumb Ring
23:42 Bodkin Arrow
24:27 Bow Saw
Husain Bolt
11:35 Feudal Age
9:53 Loom
9:57 Loom
12:13 Double-Bit Axe
14:27 Scale Barding Armor
14:33 Forging
20:08 Castle Age
18:22 Stone Mining
21:46 Wheelbarrow
25:36 Gold Mining
Connection lost

Rejoining the realm…

Still unreachable

The connection could not be restored.

Session expired

The server has moved on; the page needs a fresh start.